 Dungeon Crawl Stone Soup version 0.19.3-1-g3169bf9 (webtiles) character file.

8369 Steam the Thaumaturge (level 11, -8/105 HPs)
             Began as a High Elf Fire Elementalist on Jan 23, 2017.
             Was an Elder of Vehumet.
             Mangled by a minotaur
             ... wielding the +12 falchion of Jeeroq {protect, rPois rN+ MP-9}
              (30 damage)
             ... in a labyrinth.
             The game lasted 01:28:21 (15475 turns).

Steam the Thaumaturge (High Elf Fire Elementalist) Turns: 15475, Time: 01:28:21

Health: -8/105     AC: 25    Str: 10    XL:     11   Next: 9%
Magic:  8/26       EV:  2    Int: 21    God:    Vehumet [****..]
Gold:   180        SH:  0    Dex: 18    Spells: 4 memorised, 21 levels left

rFire  . . .     SeeInvis .     L - +2 mace (protect)
rCold  . . .     Gourm    .     (armour currently unavailable)
rNeg   + + +     Faith    .     (no shield)
rPois  +         Spirit   .     (helmet currently unavailable)
rElec  .         Reflect  .     (cloak currently unavailable)
rCorr  .         Harm     .     (gloves currently unavailable)
MR     +....     NoTele   +     (boots currently unavailable)
Stlth  ++........               Z - amulet of magic regeneration
                                T - +3 ring of strength
                                U - ring of positive energy

@: tree-form
A: no striking features
a: Renounce Religion


You were in a labyrinth.
You worshipped Vehumet.
Vehumet was greatly pleased with you.
You were hungry.
You were a tree.
You visited 3 branches of the dungeon, and saw 12 of its levels.
You also visited: Labyrinth.

You collected 462 gold pieces.
You spent 282 gold pieces at shops.

Inventory:

Hand Weapons
 a - a +0 blowgun
 t - a +2 hunting sling of flaming
 L - a +2 mace of protection (weapon)
 M - a +0 falchion
 X - a +0 shortbow
Missiles
 u - 310 stones (quivered)
 w - 8 curare-tipped needles
 K - 30 sling bullets
 R - 14 poisoned needles
 Y - 151 arrows
Armour
 h - a +1 cloak (melded)
 q - a +1 helmet of see invisible (melded)
 v - a +1 pair of gloves (melded)
 z - a +0 robe of fire resistance
 I - a +1 robe of cold resistance (melded)
 W - a +0 buckler
Jewellery
 n - an uncursed ring of teleportation
 T - a +3 ring of strength (right branch)
 U - a ring of positive energy (left branch)
 Z - an amulet of magic regeneration (around neck)
Wands
 E - a wand of teleportation (3/9)
 N - a wand of paralysis (12/24)
 Q - a wand of iceblast (13/15)
Scrolls
 e - a scroll of immolation {unknown}
 i - 2 scrolls of fog
 k - 2 scrolls of random uselessness
 l - a scroll of teleportation
 m - 6 scrolls of remove curse
 r - a scroll of fear {unknown}
 y - a scroll of blinking {unknown}
 B - a scroll of amnesia {unknown}
 D - a scroll of identify
 F - 2 scrolls of enchant weapon {unknown}
 O - a scroll of summoning {unknown}
 S - 3 scrolls of noise {unknown}
Potions
 g - a potion of magic
 j - 4 potions of flight
 o - a potion of brilliance {unknown}
 s - a potion of might {unknown}
 A - 2 potions of haste
 P - a potion of berserk rage {unknown}
Books
 b - a book of Flames

   Spells                             Type                      Level
   a - Flame Tongue                   Conjuration/Fire             1
   b - Throw Flame                    Conjuration/Fire             2
   c - Conjure Flame                  Conjuration/Fire             3
   d - Inner Flame                    Hexes/Fire                   3
   e - Sticky Flame                   Conjuration/Fire             4
   f - Fireball                       Conjuration/Fire             5
 G - a book of Minor Magic

   Spells                             Type                      Level
   a - Magic Dart                     Conjuration                  1
   b - Blink                          Translocation                2
   c - Call Imp                       Summoning                    2
   d - Repel Missiles                 Charms/Air                   2
   e - Slow                           Hexes                        2
   f - Conjure Flame                  Conjuration/Fire             3
   g - Mephitic Cloud                 Conjuration/Poison/Air       3
 H - a book of Cantrips

   Spells                             Type                      Level
   a - Confusing Touch                Hexes                        1
   b - Animate Skeleton               Necromancy                   1
   c - Summon Small Mammal            Summoning                    1
   d - Apportation                    Translocation                1
Comestibles
 c - 10 bread rations
 d - 5 beef jerkies
 f - 5 slices of pizza
 p - 4 meat rations


   Skills:
 + Level 4.9 Fighting
 - Level 4.4 Long Blades
 - Level 3.5 Slings
 - Level 5.0 Bows
 + Level 5.8 Dodging
 - Level 3.0 Stealth
 * Level 10.9 Spellcasting
 + Level 7.2 Conjurations
 + Level 7.9 Fire Magic


You had 21 spell levels left.
You knew the following spells:

 Your Spells              Type           Power        Failure   Level  Hunger
a - Flame Tongue          Conj/Fire      #####        1%          1    None
b - Throw Flame           Conj/Fire      #####.       1%          2    None
c - Sticky Flame          Conj/Fire      #####...     1%          4    #......
d - Conjure Flame         Conj/Fire      #####...     1%          3    None


Dungeon Overview and Level Annotations

Branches:
Dungeon (10/15)            Temple (1/1) D:7            Lair (1/6) D:9
    Orc: D:9-12

Altars:
Ashenzari
Cheibriados
Dithmenos
Elyvilon
Gozag
Makhleb
Nemelex Xobeh
Qazlal
Ru
Trog
Uskayaw
Vehumet
The Shining One

Shops:
D:5 *   D:6 %   D:8 *

Annotations:
D:6 1 runed door
D:8 exclusion: 2 downstairs, Psyche; fatfloppyjuicyveiny's ghost, novice OpBe
D:9 exclusion: 2 downstairs
D:10 Lahna's ghost, novice MiBe


Message History

The minotaur hits you but does no damage.
The minotaur gores you.
* * * LOW HITPOINT WARNING * * *
You feel better.
The minotaur burns!
The minotaur hits you with a shimmering falchion {protect}!
* * * LOW HITPOINT WARNING * * *
The minotaur gores you but does no damage.
Casting: Sticky Flame
Confirm with . or Enter, or press ? or * to list all spells.
Okay, then.
Casting: Sticky Flame
Confirm with . or Enter, or press ? or * to list all spells.
Aiming: Sticky Flame
Press: ? - help, Shift-Dir - straight line, f/p - minotaur
Aim: a minotaur, wielding a shimmering falchion {protect}, wearing a plate armour, wearing a shield and wearing a wooden ring (heavily wounded, covered in liquid flames)
The sticky flame hits the minotaur.
The minotaur is heavily wounded.
The minotaur burns!
The minotaur hits you with a shimmering falchion {protect}!!
You die...

. # ## # #. . # .
. # # # .
###############
#.♣.#.# . #... ...
###H#.###.#.######
#....... ...... #
# ###.##. ...##
#.# #............
....# ####
#########.. ## ...
#.. . #.# . # ####
.. #.. # .


You could see a minotaur (burning).

Vanquished Creatures
  A hydra (Lair:1)
  A spiny frog (Lair:1)
  2 komodo dragons (Lair:1)
  The ghost of Schimscham the Stinger, a novice OpVM of Sif Muna (D:5)
  Grinder (D:5)
  2 two-headed ogres (D:9)
  5 hippogriffs
  2 yaks (D:8)
  A hungry ghost (D:7)
  A human (D:8)
  2 hogs (D:8)
  A porcupine (Lair:1)
  2 black bears
  2 ice beasts (D:9)
  2 orc warriors (D:6)
  2 sky beasts
  A phantom (D:9)
  A necrophage (D:7)
  3 centaurs
  3 ogres
  A crocodile (D:9)
  2 big kobolds
  5 bullfrogs
  A gnoll sergeant (D:5)
  2 scorpions
  9 killer bees
  4 wights (D:8)
  3 howler monkeys
  A bullfrog zombie (D:6)
  6 crimson imps
  4 jellies
  2 centaur zombies
  8 hounds
  11 orc wizards
  5 iguanas
  3 worker ants
  2 killer bee zombies
  6 gnolls
  8 adders
  A shadow imp (D:6)
  An adder zombie (D:8)
  A worm (D:3)
  12 dart slugs
  6 leopard geckos
  23 orcs
  5 giant cockroaches
  3 goblins (D:1)
  11 hobgoblins
  10 jackals
  18 kobolds
  11 quokkas
  6 bats
  A frilled lizard (D:1)
  A jackal zombie (D:5)
  A leopard gecko skeleton (D:10)
  A quokka skeleton (D:4)
  6 rats
237 creatures vanquished.

Notes
Turn   | Place    | Note
-------+----------+-------------------------------------------
     0 | D:1      | Steam the High Elf Fire Elementalist began the quest for the Orb.
     0 | D:1      | Reached XP level 1. HP: 11/11 MP: 4/4
   555 | D:1      | Reached XP level 2. HP: 17/17 MP: 4/6
  1657 | D:2      | Found a faded altar of an unknown god.
  1689 | D:2      | Reached XP level 3. HP: 21/21 MP: 5/8
  1867 | D:2      | Reached skill level 3 in Spellcasting
  2703 | D:3      | Reached XP level 4. HP: 17/27 MP: 7/9
  2944 | D:3      | Learned a level 2 spell: Throw Flame
  3003 | D:3      | Found a hide-covered altar of Uskayaw.
  3146 | D:3      | Found a radiant altar of Vehumet.
  3150 | D:3      | Found a sparkling altar of Nemelex Xobeh.
  3157 | D:3      | Found a burning altar of Makhleb.
  3160 | D:3      | Reached skill level 1 in Slings
  3197 | D:3      | Found a shadowy altar of Dithmenos.
  3197 | D:3      | Found a stormy altar of Qazlal.
  3201 | D:3      | Became a worshipper of Vehumet
  3558 | D:3      | Reached XP level 5. HP: 18/32 MP: 9/11
  3839 | D:3      | Reached skill level 1 in Fighting
  4650 | D:4      | Found a shadowy altar of Dithmenos.
  4989 | D:4      | Reached skill level 4 in Spellcasting
  4989 | D:4      | Reached XP level 6. HP: 38/38 MP: 0/13
  5546 | D:5      | Entered Level 5 of the Dungeon
  5847 | D:5      | Reached * piety under Vehumet
  5847 | D:5      | Offered knowledge of Freeze by Vehumet.
  5857 | D:5      | Noticed Schimscham's ghost (novice OpVM)
  6059 | D:5      | Noticed Grinder
  6066 | D:5      | Paralysed by Grinder for 2 turns
  6085 | D:5      | Killed Grinder
  6085 | D:5      | Reached XP level 7. HP: 9/44 MP: 7/14
  6962 | D:6      | Learned a level 4 spell: Sticky Flame
  6966 | D:6      | Learned a level 3 spell: Conjure Flame
  7073 | D:6      | Reached skill level 5 in Spellcasting
  7366 | D:6      | Reached skill level 5 in Fire Magic
  7440 | D:6      | Found Zoepp's Food Shoppe.
  7515 | D:6      | Found a snail-covered altar of Cheibriados.
  7710 | D:6      | Reached skill level 6 in Spellcasting
  7710 | D:6      | Reached XP level 8. HP: 45/50 MP: 13/18
  7798 | D:6      | Found a white marble altar of Elyvilon.
  7798 | D:6      | Found a runed door.
  7798 | D:6      | Noticed an angel
  8050 | D:6      | Offered knowledge of Shock by Vehumet.
  8314 | D:6      | Reached skill level 1 in Long Blades
  8333 | D:6      | Reached ** piety under Vehumet
  8424 | D:6      | Reached skill level 7 in Spellcasting
  8617 | D:6      | Found a sacrificial altar of Ru.
  8770 | D:7      | Found a shattered altar of Ashenzari.
  8781 | D:7      | Found a glowing golden altar of the Shining One.
  9320 | D:7      | Found a staircase to the Ecumenical Temple.
  9583 | D:7      | Reached skill level 5 in Conjurations
  9583 | D:7      | Reached XP level 9. HP: 47/53 MP: 1/21
  9812 | D:7      | Reached skill level 8 in Spellcasting
 10170 | Temple   | Entered the Ecumenical Temple
 10261 | D:8      | Found Ybybli's General Store.
 10276 | D:8      | Bought 2 potions of curing for 66 gold pieces
 10276 | D:8      | Bought a scroll of fog for 22 gold pieces
 10301 | D:8      | Noticed fatfloppyjuicyveiny's ghost (novice OpBe)
 10785 | D:8      | Offered knowledge of Ignite Poison by Vehumet.
 10851 | D:9      | Found a staircase to the Lair.
 10996 | D:8      | Reached skill level 1 in Bows
 11153 | D:9      | Found an opulent altar of Gozag.
 11295 | D:8      | Reached *** piety under Vehumet
 11329 | D:8      | Reached skill level 9 in Spellcasting
 11444 | D:8      | Noticed Psyche
 11693 | D:5      | Killed Schimscham's ghost
 12084 | D:5      | Reached XP level 10. HP: 63/63 MP: 18/24
 12380 | D:5      | Reached skill level 5 in Bows
 12419 | D:5      | Found Dira's Assorted Antiques.
 12427 | D:5      | Bought a glowing robe for 194 gold pieces
 12885 | D:8      | Found a bloodstained altar of Trog.
 12955 | D:8      | Found a white marble altar of Elyvilon.
 13211 | D:9      | Offered knowledge of Stone Arrow by Vehumet.
 13931 | D:9      | Reached **** piety under Vehumet
 13952 | D:9      | Reached skill level 10 in Spellcasting
 13963 | D:9      | Reached skill level 5 in Dodging
 14251 | D:9      | Offered knowledge of Static Discharge by Vehumet.
 14549 | D:10     | Entered Level 10 of the Dungeon
 14594 | D:10     | Noticed a gargoyle
 14623 | D:10     | Noticed Lahna's ghost (novice MiBe)
 14781 | Lair:1   | Entered Level 1 of the Lair of Beasts
 14794 | Lair:1   | Noticed a five-headed hydra
 14817 | Lair:1   | Killed a five-headed hydra
 15069 | Lair:1   | Reached XP level 11. HP: 68/70 MP: 24/26
 15094 | Lair:1   | Found a labyrinth entrance.
 15127 | Lab      | Entered a labyrinth
 15425 | Lab      | Noticed a minotaur
 15475 | Lab      | Identified the +12 falchion of Jeeroq {protect, rPois rN+ MP-9}
 15475 | Lab      | Mangled by a minotaur

Skill      XL: |  1  2  3  4  5  6  7  8  9 10 |
---------------+-------------------------------+-----
Spellcasting   | 3 4 6 7 9 10 | 10.9
Fire Magic     | 4 5 6 7 |  7.9
Slings         | 1 2 3 |  3.5
Fighting       | 1 3 4 |  4.9
Conjurations   | 2 3 5 7 |  7.2
Stealth        | 3 |  3.0
Long Blades    | 3 4 |  4.4
Dodging        | 4 5 |  5.8
Bows           | 4 5 |  5.0

Action                   |  1- 3 |  4- 6 |  7- 9 | 10-12 || total
-------------------------+-------+-------+-------+-------++-------
Melee: Unarmed           |     1 |       |       |       ||     1
       Falchion          |       |       |   117 |     6 ||   123
       Mace              |       |       |       |    29 ||    29
 Fire: Hunting sling     |    24 |    59 |    61 |       ||   144
       Shortbow          |       |       |     3 |    27 ||    30
Throw: Stone             |       |       |    52 |     1 ||    53
 Cast: Flame Tongue      |    48 |    58 |    52 |    30 ||   188
       Throw Flame       |       |    24 |    44 |    10 ||    78
       Sticky Flame      |       |       |    60 |    73 ||   133
Evoke: Wand              |       |       |     1 |       ||     1
  Use: Scroll            |       |     4 |     7 |     5 ||    16
       Potion            |       |       |     1 |     6 ||     7
 Stab: Distracted        |       |       |       |     1 ||     1
  Eat: Chunk             |     5 |     7 |    16 |     9 ||    37
       Fruit             |       |     3 |     4 |       ||     7
       Pizza             |       |     1 |       |     3 ||     4
       Meat ration       |       |       |     3 |       ||     3
Armor: Robe              |     4 |    13 |    70 |    50 ||   137
       Skin              |       |       |       |     6 ||     6
Dodge: Dodged            |    46 |    37 |   223 |   171 ||   477
       Rpst.: Falchion   |       |       |    29 |     2 ||    31
